 Dungeon Crawl Stone Soup version 0.30-a0-374-g95c0257040 (webtiles) character file.

Game seed: 6313561055825070462

3 Elric the Gusty (level 1, -1/10 HPs)
             Began as a Tengu Air Elementalist on Nov 25, 2022.
             Slain by a hobgoblin (2 damage)
             ... on level 1 of the Dungeon.
             The game lasted 00:00:32 (108 turns).

Elric the Gusty (Tengu Air Elementalist)             Turns: 108, Time: 00:00:32

Health: -1/10      AC:  2    Str:  8    XL:     1   Next: 50%
Magic:  1/4        EV: 12    Int: 15    God:
Gold:   0          SH:  0    Dex: 14    Spells: 3/4 levels left

rFire   . . .      SeeInvis .    d - +0 spear
rCold   . . .      Faith    .    (no shield)
rNeg    . . .      Spirit   .    a - +0 robe
rPois   .          Reflect  .    (helmet restricted)
rElec   .          Harm     .    (no cloak)
rCorr   .          Rampage  .    (no gloves)
Will    .....                    (boots unavailable)
Stlth   ++........               (no amulet)
HPRegen 0.21/turn                (no ring)
MPRegen 0.09/turn                (no ring)

@: no status effects
A: beak, talons 3
a: no special abilities


You were on level 1 of the Dungeon.
You visited 1 branch of the dungeon, and saw 1 of its levels.

Inventory:

Hand Weapons
 d - a +0 spear (weapon)
Armour
 a - a +0 robe (worn)
Scrolls
 c - a scroll of enchant armour {unknown}
Potions
 b - a potion of magic


   Skills:
 + Level 0.1 Fighting
 - Level 2.1 Dodging
 - Level 2.0 Stealth
 * Level 2.0 Spellcasting
 * Level 1.6 Conjurations
 * Level 4.1 Air Magic


You had 3 spell levels left.
You knew the following spells:

 Your Spells              Type           Power      Damage    Failure   Level
a - Shock                 Conj/Air       40%        1d5       7%          1

Your spell library contained the following spells:

 Spells                   Type           Power      Damage    Failure   Level
 Static Discharge         Conj/Air       20%        2-3/arc   11%         2
 Swiftness                Air            13%        N/A       12%         3
 Airstrike                Air            6%         2d(1-17)  38%         4


Dungeon Overview and Level Annotations

Branches:
Dungeon (1/15)

Altars:


Innate Abilities, Weirdness & Mutations

You have a beak for a mouth.
You have claws for feet.


Message History

The zap hits the hobgoblin.
The hobgoblin is heavily wounded.
A ball python comes into view.
The ball python closely misses you. The ball python grabs you.
The ball python constricts you.
You see here a +0 spear.
d - a +0 spear The ball python bites you but does no damage.
The ball python constricts you.
d - a +0 spear (weapon)
The ball python barely misses you. The ball python constricts you.
You escape the ball python's grasp.
Your magical contamination has completely faded away.
You reach to attack!
You hit the ball python.
The ball python is moderately wounded.
The ball python bites you but does no damage.
The ball python closely misses you.
You closely miss the ball python.
The ball python is moderately wounded.
The ball python misses you. The ball python grabs you.
The ball python constricts you.
You barely miss the ball python. Your kick misses the ball python.
You peck the ball python.
The ball python is severely wounded.
The ball python bites you but does no damage.
The ball python constricts you. The hobgoblin hits you.
You hit the ball python.
You kill the ball python!
The hobgoblin barely misses you. The ball python misses you. x2
The hobgoblin attacks as you move away! The hobgoblin hits you.
The ball python attacks as you move away!
The ball python barely misses you. The ball python misses you.
You are too injured to fight recklessly!
You are too injured to fight recklessly!
You hit the hobgoblin.
The hobgoblin is severely wounded.
The hobgoblin hits you.
* * * LOW HITPOINT WARNING * * *
The hobgoblin hits you.
You die...

.....$S #.## .......
#.# ....... #.#
..$.... #.# .......
##.# ....... #..#
#.†....#### #.##
#...B###.###########
#.##Sg@...)........#
#. #####.##........#
## #.........>.#
####........#
##########


You could see a giant cockroach, a hobgoblin and a ball python.

Vanquished Creatures
  2 ball pythons (D:1)
  A goblin (D:1)
3 creatures vanquished.

Notes
Turn   | Place    | Note
-------+----------+-------------------------------------------
     0 | D:1      | Elric the Tengu Air Elementalist began the quest for the
                  | Orb.
     0 | D:1      | Reached XP level 1. HP: 10/10 MP: 4/4
   108 | D:1      | Slain by a hobgoblin

Illustrated notes

Levels and vault maps discovered:
D:1:      minmay_arrival_cross, layout_rooms, chequers_serial_rivers_micro_e

Action                   || total
-------------------------++-------
Melee: Spear             ||     5
       Peck              ||     1
 Cast: Shock             ||     6
Armor: Robe              ||     3
Dodge: Dodged            ||     9

Table legend: (Time is in decaauts)
 A = Elapsed time spent in this place.
 B = Non-inter-level travel time spent in this place.
 C = Inter-level travel time spent in this place.
 D = Time resting spent in this place.
 E = Time spent auto-exploring this place.
 F = Levels seen in this place.
 G = Mean time per level.
                   A        B        C        D        E       F      G
               +--------+--------+--------+--------+--------+-----+--------+
         Total |    107 |    107 |      0 |      0 |     84 |   1 |  107.0 |
       Dungeon |    107 |    107 |      0 |      0 |     84 |   1 |  107.0 |
               +--------+--------+--------+--------+--------+-----+--------+

Top non-repeatable levels by time:
     D:1: 107 daAuts
